 Dungeon Crawl Stone Soup version 0.27-a0-1442-g87b6fcb595 (webtiles) character file.

Game seed: 1561360255115984163

134 Sin92 the Skirmisher (level 4, -3/36 HPs)
             Began as a Demonspawn Fighter on July 4, 2021.
             Succumbed to Terence's poison
             ... on level 3 of the Dungeon.
             The game lasted 00:03:26 (2774 turns).

Sin92 the Skirmisher (Demonspawn Fighter)           Turns: 2774, Time: 00:03:26

Health: -3/36      AC: 11    Str: 18    XL:     4   Next: 95%
Magic:  4/4        EV:  3    Int:  9    God:
Gold:   81         SH:  9    Dex: 12    Spells: 3/3 levels left

rFire    . . .     SeeInvis .   a - +0 war axe
rCold    . . .     Faith    .   c - +0 kite shield
rNeg     . . .     Spirit   .   j - +0 plate armour
rPois    .         Reflect  .   (no helmet)
rElec    .         Harm     .   (no cloak)
rCorr    .         Rampage  .   (no gloves)
Will     .....                  (no boots)
Stlth    ..........             (no amulet)
HPRegen  0.12/turn              (no ring)
MPRegen  0.09/turn              (no ring)

@: lethally poisoned (-3 -> -31)
A: talons 1, demonic magic 1
a: no special abilities


You were on level 3 of the Dungeon.
You visited 1 branch of the dungeon, and saw 3 of its levels.

You collected 81 gold pieces.

Inventory:

Hand Weapons
 a - a +0 war axe (weapon)
 d - a +1 spear of venom
Armour
 b - a +0 scale mail
 c - a +0 kite shield (worn)
 j - a +0 plate armour (worn)
Jewellery
 m - a ring of poison resistance
Wands
 e - a wand of digging (5)
Scrolls
 h - a scroll of magic mapping {unknown}
 l - 2 scrolls of teleportation
Potions
 f - a potion of berserk rage
 g - a potion of curing
 i - 2 potions of haste {unknown}


   Skills:
 + Level 3.6 Fighting
 + Level 2.6 Axes
 + Level 3.3 Armour
 + Level 1.5 Dodging
 + Level 3.3 Shields


You had 3 spell levels left.
You didn't know any spells.
Your spell library contained the following spells:

 Spells                   Type           Power      Damage    Failure   Level
 Static Discharge         Conj/Air       0%         N/A       100%        2
 Dispel Undead            Necr           0%         3d6       100%        4
 Sticky Flame             Conj/Fire      0%         2d3       100%        4


Dungeon Overview and Level Annotations

Branches:
Dungeon (3/15)

Altars:

Annotations:
D:3 Terence


Innate Abilities, Weirdness & Mutations

You have sharp toenails.
Spells you cast may paralyse adjacent enemies.


Message History

You are poisoned.
The kobold hits you but does no damage. You block Terence's attack.
The kobold hits you with a +0 short sword.
You barely miss the kobold. Your kick misses the kobold.
The kobold is moderately wounded.
You hit Terence but do no damage.
You feel very sick.
Terence hits you with a +2 flail of venom.
You are more poisoned.
The kobold barely misses you.
Terence hits you with a +2 flail of venom.
The kobold hits you but does no damage.
You closely miss the kobold.
The kobold is moderately wounded.
You hit Terence.
You feel very sick. You block Terence's attack.
The kobold hits you but does no damage.
You feel sick.
You feel better.
Terence hits you with a +2 flail of venom.
You are poisoned.
You feel better. Terence hits you but does no damage.
As you read the scroll labelled EMOKUCK ASHOUPP, it crumbles to dust.
It is a scroll of identify.
f - a potion of berserk rage Terence hits you but does no damage.
You hit Terence. Your kick misses Terence.
Terence is moderately wounded.
You block Terence's attack.
Terence hits you with a +2 flail of venom!
You are poisoned.
You hit Terence but do no damage. Your kick misses Terence.
Terence is moderately wounded.
You feel very sick.
Terence hits you with a +2 flail of venom!
* * * LOW HITPOINT WARNING * * *
You are more poisoned.
Your plate armour prevents you from hitting Terence.
Terence is moderately wounded.
You die...

.....## #.#......#
#.#.....### ....##
#.........# ...#.#....##
.####
#.................##.#.##
.#
#.........#####.#.....#.#.
.#
..#...###..###......#.....
># #..##
##......###.....#. .# #
#..###.###....### .#
....#####<...............
....rSK@@................
..####r###...............
. #..##......###......[
..# #.......##...........
....#.....########...####
#....#..###.............
...##...####.#####.......
.............######......
...###.#####.............


You could see Terence, a ball python, a kobold and 2 rats.

Vanquished Creatures
  Ijyb (D:3)
  Robin (D:3)
  2 adders
  A worm (D:2)
  6 ball pythons
  6 bats
  6 endoplasms
  A giant cockroach (D:1)
  16 goblins
  6 hobgoblins
  7 jackals
  2 quokkas
  5 frilled lizards
  4 kobolds
  5 rats
69 creatures vanquished.

Notes
Turn   | Place    | Note
-------+----------+-------------------------------------------
     0 | D:1      | Sin92 the Demonspawn Fighter began the quest for the Orb.
     0 | D:1      | Reached XP level 1. HP: 18/18 MP: 1/1
   289 | D:1      | Gained mutation: You have sharp toenails. [demonic
                  | ancestry]
   289 | D:1      | Reached XP level 2. HP: 16/24 MP: 2/2
  1332 | D:1      | Gained mutation: Spells you cast may paralyse adjacent
                  | enemies. [demonic ancestry]
  1332 | D:1      | Reached XP level 3. HP: 29/29 MP: 3/3
  1554 | D:2      | Reached skill level 1 in Dodging
  1581 | D:2      | You fall into a shaft and drop 1 floor!
  1581 | D:3      | Noticed Robin
  1592 | D:3      | Killed Robin
  1593 | D:3      | Reached XP level 4. HP: 9/35 MP: 4/4
  1599 | D:3      | Noticed Ijyb
  1616 | D:3      | Killed Ijyb
  2760 | D:3      | Noticed Terence
  2774 | D:3      | Succumbed to Terence's poison

Illustrated notes

Levels and vault maps discovered:
D:1:      erik_arrival_cave_to_civilisation [erik_arrival_cave_to_hall],
          layout_basic
D:2:      layout_basic
D:3:      layout_rooms, chequers_serial_rivers_marsh, uniq_ijyb, uniq_robin,
          uniq_terence

Skill      XL: |  1  2  3 |
---------------+----------+-----
Axes           | 2 |  2.6
Shields        | 3 |  3.3
Armour         | 3 |  3.3
Dodging        | 1 |  1.5
Fighting       | |  3.6

Action                   |  1- 3 |  4- 6 || total
-------------------------+-------+-------++-------
Melee: War axe           |    78 |    78 ||   156
       Kick              |    10 |    16 ||    26
  Use: Potion            |     2 |     2 ||     4
       Scroll            |       |     3 ||     3
Armor: Scale mail        |    40 |       ||    40
       Plate armour      |    18 |    65 ||    83
Dodge: Dodged            |    28 |    12 ||    40
Block: Kite shield       |    65 |    38 ||   103

Table legend: (Time is in decaauts)
 A = Elapsed time spent in this place.
 B = Non-inter-level travel time spent in this place.
 C = Inter-level travel time spent in this place.
 D = Time resting spent in this place.
 E = Time spent auto-exploring this place.
 F = Levels seen in this place.
 G = Mean time per level.
                   A        B        C        D        E       F      G
               +--------+--------+--------+--------+--------+-----+--------+
         Total |   2872 |   2829 |     43 |    221 |   2077 |   3 |  957.3 |
       Dungeon |   2872 |   2829 |     43 |    221 |   2077 |   3 |  957.3 |
               +--------+--------+--------+--------+--------+-----+--------+

Top non-repeatable levels by time:
     D:1: 1554 daAuts
     D:2: 944 daAuts
     D:3: 372 daAuts
